 Dungeon Crawl Stone Soup version 0.32-a0-433-g08bcfe7efd (webtiles) character file.

Game seed: 11292379257911143036

2553 Sobieck the Skirmisher (level 9, -1/68 HPs)
             Began as a Coglin Hunter on Feb 22, 2024.
             Was an Elder of Fedhas.
             Slain by a warg (18 damage)
             ... on level 8 of the Dungeon.
             The game lasted 00:09:50 (7160 turns).

Sobieck the Skirmisher (Coglin Hunter)              Turns: 7160, Time: 00:09:50

Health: -1/68      AC:  9    Str: 11    XL:     9   Next: 56%
Magic:  17/20      EV: 14    Int: 14    God:    Fedhas [****..]
Gold:   372        SH:  5    Dex: 23    Spells: 8/8 levels left

rFire   . . .        r - +1 sling (freeze) {Lucia}
rCold   . . .        v - +0 sling {Chun}
rNeg    . . .        c - +0 leather armour
rPois   .            w - +1 helmet
rElec   .            (no cloak)
rCorr   .            d - +1 pair of gloves
SInv    .            f - +1 pair of boots
Will    .....        p - amulet of reflection
Stlth   ++           s - ring of magical power
HPRegen 0.31/turn    A - +6 ring of intelligence
MPRegen 0.17/turn

%: reflection
@: revved
A: off-hand wielding, slow wielding, warmup strikes, legs shutdown
a: Renounce Religion, Wall of Briars, Grow Ballistomycete, Overgrow


You were on level 8 of the Dungeon.
You worshipped Fedhas.
Fedhas was greatly pleased with you.
You visited 1 branch of the dungeon, and saw 8 of its levels.

You collected 372 gold pieces.

Inventory:

Hand Weapons
 a - a +0 shortbow {Lisbeth}
 n - a +0 orcbow {Bonhwa}
 r - a +1 sling of freezing (weapon) {Lucia}
 v - a +0 sling (offhand) {Chun}
Missiles
 Z - 4 throwing nets
Armour
 c - a +0 leather armour (worn)
 d - a +1 pair of gloves (worn)
 f - a +1 pair of boots (worn)
 w - a +1 helmet (worn)
Jewellery
 p - an amulet of reflection (around neck)
 s - a ring of magical power (left grasper)
 A - a +6 ring of intelligence (right grasper)
Wands
 u - a wand of roots (12)
 y - a wand of light (3)
 V - a wand of flame (20)
Scrolls
 b - a scroll of butterflies
 e - 2 scrolls of fog
 h - 2 scrolls of revelation
 l - 2 scrolls of fear
 o - 3 scrolls of poison
 T - 3 scrolls of teleportation
Potions
 g - a potion of invisibility {unknown}
 j - a potion of mutation {unknown}
 k - 3 potions of enlightenment
 m - 3 potions of brilliance
 t - 2 potions of lignification
 x - a potion of might {unknown}
 z - 2 potions of magic {unknown}
 Q - 5 potions of curing


   Skills:
 + Level 5.3 Fighting
 + Level 9.0 Ranged Weapons
 - Level 4.0 Dodging
 - Level 0.7 Stealth
 + Level 3.9 Invocations
 - Level 5.0 Evocations


You had 8 spell levels left.
You didn't know any spells.
Your spell library contained the following spells:

 Spells                   Type           Power      Damage    Failure   Level
 Slow                     Hex            0%         N/A       36%         1
 Ensorcelled Hibernation  Hex/Ice        0%         N/A       50%         2
 Sublimation of Blood     Necr           0%         N/A       50%         2
 Confusing Touch          Hex            0%         N/A       75%         3
 Inner Flame              Hex/Fire       0%         N/A       75%         3
 Passwall                 Erth           0%         N/A       75%         3
 Sigil of Binding         Hex            0%         N/A       75%         3
 Swiftness                Air            0%         N/A       75%         3
 Vampiric Draining        Necr           0%         2d6       75%         3
 Petrify                  Alch/Erth      0%         N/A       98%         4
 Irradiate                Conj/Alch      0%         3d11      100%        5
 Ignition                 Fire           0%         3d3       100%        8


Dungeon Overview and Level Annotations

Branches:
Dungeon (8/15)             Temple (0/1) D:7
   Lair: D:8-11

Altars:
Ashenzari
Fedhas
Hepliaklqana
Makhleb
Ru
Sif Muna
Uskayaw
Vehumet

Annotations:
D:4 1 runed translucent door, Crazy Yiuf
D:7 2 transporters


Innate Abilities, Weirdness & Mutations

You can wield a second weapon in your off-hand.
It takes a long time for you to wield or remove held weapons.
Your first few attacks do less damage.
Attacking and casting redirects power from your legs.


Message History

Press: ? - help, Q - select action Shift-Dir - straight line, f - warg
Aim: a warg (62% to hit)
You shoot a sling bullet.
The sling bullet barely misses the warg.
You shoot a sling bullet.
The sling bullet hits the warg but does no damage.
Fire: r) +1 sling (freeze) {Lucia}
Press: ? - help, Q - select action Shift-Dir - straight line, f/p - warg
Aim: a warg (62% to hit)
You shoot a sling bullet.
The sling bullet hits the warg but does no damage.
You shoot a sling bullet. The sling bullet hits the warg.
The warg is lightly wounded.
The warg pauses to sniff the ground.
Fire: r) +1 sling (freeze) {Lucia}
Press: ? - help, Q - select action Shift-Dir - straight line, f/p - warg
Aim: a warg (lightly wounded, 62% to hit)
You shoot a sling bullet.
The sling bullet barely misses the warg.
You shoot a sling bullet. The sling bullet hits the warg.
The sling bullet freezes the warg.
The warg is moderately wounded.
The warg closely misses you.
Unknown command.
You shoot a sling bullet.
The sling bullet closely misses the warg.
You shoot a sling bullet.
The sling bullet hits the warg but does no damage.
The warg is moderately wounded.
The warg bites you.
* * * LOW HITPOINT WARNING * * *
You shoot a sling bullet.
The sling bullet completely misses the warg.
You shoot a sling bullet. The sling bullet hits the warg.
The sling bullet freezes the warg.
The warg is moderately wounded.
The warg misses you. The warg bites you!!
* * * LOW HITPOINT WARNING * * *
You shoot a sling bullet.
The sling bullet hits the warg but does no damage.
The warg is moderately wounded.
You shoot a sling bullet. The sling bullet hits the warg.
The warg is moderately wounded.
The warg closely misses you.
Unknown command.
A briar patch grows up from the ground. x7
You are no longer unable to travel.
The warg bites you!!
You die...
Fedhas appreciates your contribution to the ecosystem.

##########
########........#
#......#........##
#......#......PPP#
#......#......P@P#
#......#......PhP#
##......#....)..).#
.#......#......)..#
.'......#........)#
##...............).....
#.......######........
#######.# #........ #.#
.........


You could see a warg (ally target).

Vanquished Creatures
  A wyvern (D:7)
  A steam dragon (D:6)
  2 water moccasins
  An orc warrior (D:7)
  2 sky beasts (D:7)
  2 ogres
  A black bear (D:5)
  A centaur (D:6)
  2 gnoll sergeants
  A bullfrog (D:7)
  A scorpion (D:5)
  6 killer bees (D:7)
  A jelly (D:7)
  An orc priest (D:7)
  A gnoll bouda (D:6)
  6 hounds
  4 iguanas
  Natasha (thrice) (D:4)
  3 orc wizards (D:7)
  Robin (D:4)
  10 adders
  21 gnolls
  An ufetubus (D:5)
  A dart slug (D:1)
  2 ribbon worms
  13 orcs
  8 ball pythons
  6 endoplasms
  A giant cockroach (D:4)
  12 goblins
  8 hobgoblins
  3 jackals (D:4)
  4 quokkas
  4 bats (D:1)
  7 frilled lizards
  8 kobolds
  5 rats
155 creatures vanquished.

Vanquished Creatures (others)
  A sleepcap (D:6)
1 creature vanquished.

Grand Total: 156 creatures vanquished

Notes
Turn   | Place    | Note
-------+----------+-------------------------------------------
     0 | D:1      | Sobieck the Coglin Hunter began the quest for the Orb.
     0 | D:1      | Reached XP level 1. HP: 16/16 MP: 1/1
    84 | D:1      | Reached skill level 4 in Ranged Weapons
    84 | D:1      | Reached XP level 2. HP: 18/22 MP: 2/2
   398 | D:1      | Reached XP level 3. HP: 27/27 MP: 3/3
   778 | D:2      | Found a faded altar of an unknown god.
   798 | D:2      | Prayed at the altar of an unknown god.
   798 | D:2      | Became a worshipper of Fedhas Madash
   798 | D:2      | Reached * piety under Fedhas
  1076 | D:2      | Reached skill level 5 in Ranged Weapons
  1076 | D:2      | Reached XP level 4. HP: 32/33 MP: 4/4
  1413 | D:3      | Reached XP level 5. HP: 38/38 MP: 5/5
  1919 | D:4      | Reached skill level 6 in Ranged Weapons
  1939 | D:4      | Reached ** piety under Fedhas
  1944 | D:4      | Noticed Robin
  1952 | D:4      | Killed Robin
  2023 | D:4      | Noticed Natasha
  2028 | D:4      | Reached XP level 6. HP: 39/44 MP: 6/6
  2030 | D:4      | Killed Natasha
  2243 | D:4      | Reached skill level 7 in Ranged Weapons
  2480 | D:4      | Noticed Natasha
  2484 | D:4      | Killed Natasha
  2485 | D:4      | Reached XP level 7. HP: 50/50 MP: 7/7
  2959 | D:4      | Found a runed translucent door.
  2960 | D:4      | Noticed Crazy Yiuf
  3166 | D:5      | Entered Level 5 of the Dungeon
  3329 | D:4      | Noticed Natasha
  3334 | D:4      | Killed Natasha
  3514 | D:5      | Found a sacrificial altar of Ru.
  3624 | D:5      | Reached *** piety under Fedhas
  3817 | D:5      | Reached skill level 1 in Evocations
  4342 | D:6      | Reached skill level 1 in Invocations
  4476 | D:5      | Found a shimmering blue altar of Sif Muna.
  4727 | D:5      | Reached skill level 3 in Fighting
  4727 | D:5      | Reached XP level 8. HP: 42/58 MP: 9/9
  4818 | D:5      | Reached skill level 8 in Ranged Weapons
  5293 | D:6      | Reached skill level 3 in Evocations
  5543 | D:6      | Reached skill level 3 in Dodging
  6309 | D:7      | Reached **** piety under Fedhas
  6334 | D:7      | Noticed a wyvern
  6346 | D:7      | Killed a wyvern
  6347 | D:7      | Reached XP level 9. HP: 65/65 MP: 11/11
  6371 | D:7      | Reached skill level 3 in Invocations
  6411 | D:7      | Found a staircase to the Ecumenical Temple.
  6465 | D:7      | Found a transporter.
  6470 | D:7      | Noticed a kobold demonologist
  6706 | D:7      | Found a hazy altar of Hepliaklqana.
  6707 | D:7      | Found a radiant altar of Vehumet.
  6707 | D:7      | Found a burning altar of Makhleb.
  6720 | D:7      | Found a broken altar of Ashenzari.
  6720 | D:7      | Found a hide-covered altar of Uskayaw.
  6827 | D:7      | Found a transporter.
  7135 | D:8      | Reached skill level 9 in Ranged Weapons
  7160 | D:8      | Slain by a warg

Illustrated notes

Levels and vault maps discovered:
D:1:      dpeg_arrival_arbitrary_c, layout_basic, minmay_misc_feat_plants,
          minmay_misc_feat_rugged
D:2:      layout_loops_ring, shapermc_ecumenical_altar_starsandcircs
D:3:      layout_basic
D:4:      layout_basic, kennysheep_generic_room_13, uniq_robin, uniq_natasha,
          uniq_crazy_yiuf_cottage
D:5:      layout_basic, nicolae_ru_great_annihilating_truth,
          nicolae_sif_muna_little_library, kennysheep_generic_room_4
D:6:      layout_loops_cross, chequers_mini_garden
D:7:      gammafunk_wand_slinger, layout_rooms, grunt_temple_overflow_open,
          minmay_temple_entry_stoned_glass
D:8:      layout_basic, erik_lair_orcish_takeover

Skill      XL: |  1  2  3  4  5  6  7  8  9 |
---------------+----------------------------+-----
Ranged Weapons | 4 5 6 7 8 9 |  9.0
Dodging        | 2 3 4 |  4.0
Evocations     | 2 4 5 |  5.0
Invocations    | 1 2 3 |  3.9
Fighting       | 3 4 5 |  5.3
Stealth        | |  0.7

Action                     |  1- 3 |  4- 6 |  7- 9 || total
---------------------------+-------+-------+-------++-------
   Fire: Shortbow          |   100 |       |       ||   100
         Orcbow            |     6 |    56 |       ||    62
         Sling             |       |   154 |   694 ||   848
 Invoke: Wall of Briars    |       |       |     2 ||     2
    Use: Scroll            |       |       |    20 ||    20
         Potion            |       |       |     3 ||     3
 Armour: Leather armour    |    23 |    26 |   126 ||   175
  Dodge: Dodged            |    26 |    40 |   116 ||   182
  Block: Other             |       |       |    12 ||    12

Table legend: (Time is in decaauts)
 A = Elapsed time spent in this place.
 B = Non-inter-level travel time spent in this place.
 C = Inter-level travel time spent in this place.
 D = Time resting spent in this place.
 E = Time spent auto-exploring this place.
 F = Levels seen in this place.
 G = Mean time per level.
                   A        B        C        D        E       F      G
               +--------+--------+--------+--------+--------+-----+--------+
         Total |   7224 |   6833 |    391 |    663 |   5177 |   8 |  903.0 |
       Dungeon |   7224 |   6833 |    391 |    663 |   5177 |   8 |  903.0 |
               +--------+--------+--------+--------+--------+-----+--------+

Top non-repeatable levels by time:
     D:5: 1671 daAuts
     D:4: 1450 daAuts
     D:6: 1148 daAuts
     D:7: 812 daAuts
     D:3: 713 daAuts
     D:2: 635 daAuts
     D:1: 602 daAuts
     D:8: 191 daAuts
